PAA
SUN PRAIRIE SWALLOWS @ ATHLETIC CLUB KC ACADEMY
08/23/2024
 
TOP OF THE 1ST
Sun Prairie Swallows batting - Pitching for Athletic Club KC Academy : LHP Xavier Navarro
Pitching: LHP Xavier Navarro
Batting: RHB José Silva 0-0: Ball
1-0: Ball
2-0: Fly out, F9 (Flyball, 89S)
Batting: RHB Alfonso López 0-0: Ball
1-0: Called Strike
1-1: Foul Ball, location: 2F
1-2: Foul Ball, location: 2F
1-2: Ball
2-2: Foul Ball, location: 2F
2-2: Foul Ball, location: 2F
2-2: Ball
3-2: DOUBLE (Flyball, 9LM)
Batting: RHB Luis Hernández 0-0: Ball
1-0: Called Strike
1-1: Fly out, F2 (Popup, 2RF)
Batting: LHB Willis Baker 0-0: Ball
1-0: Swinging Strike
1-1: DOUBLE (Line Drive, 9LM)
Alfonso López scores
Batting: RHB John Townsend 0-0: Ball
1-0: Ground out 5-3 (Groundball, 5L)
Top of the 1st over - 1 run(s), 2 hit(s), 0 error(s), 1 left on base; Sun Prairie 1 - Athletic Club KC Academy 0
BOTTOM OF THE 1ST
Athletic Club KC Academy batting - Pitching for Sun Prairie Swallows : LHP Jorge Velázquez
Pitching: LHP Jorge Velázquez
Batting: SHB António Montés 0-0: Ball
1-0: Ball
2-0: Foul Ball, location: 2F
2-1: Foul Ball, location: 2F
2-2: Ball
3-2: Fly out, F8 (Line Drive, 8LM)
Batting: RHB José Flores 0-0: Foul Ball, location: 2F
0-1: Ball
1-1: Ball
2-1: Ball
3-1: Foul Ball, location: 2F
3-2: DOUBLE (Line Drive, 7D)
Batting: RHB Allen Williams 0-0: Called Strike
0-1: Called Strike
0-2: Ball
1-2: Fly out, F5 (Line Drive, 5L)
Batting: RHB Geoff Rivers 0-0: Ball
1-0: Called Strike
1-1: Ball
2-1: Foul Ball, location: 2F
2-2: Strikes out looking
Bottom of the 1st over - 0 run(s), 1 hit(s), 0 error(s), 1 left on base; Sun Prairie 1 - Athletic Club KC Academy 0
TOP OF THE 2ND
Sun Prairie Swallows batting - Pitching for Athletic Club KC Academy : LHP Xavier Navarro
Batting: RHB Joel Frazier 0-0: Ball
1-0: Called Strike
1-1: Called Strike
1-2: Strikes out swinging
Batting: RHB Ghislain Vespucci 0-0: Foul Ball, location: 2F
0-1: Swinging Strike
0-2: Ball
1-2: Ball
2-2: Strikes out looking
Batting: RHB Reece White 0-0: Called Strike
0-1: Swinging Strike
0-2: Ball
1-2: Strikes out swinging
Top of the 2nd over - 0 run(s), 0 hit(s), 0 error(s), 0 left on base; Sun Prairie 1 - Athletic Club KC Academy 0
BOTTOM OF THE 2ND
Athletic Club KC Academy batting - Pitching for Sun Prairie Swallows : LHP Jorge Velázquez
Batting: RHB Chris Teague 0-0: SINGLE (Line Drive, 6MD)
Batting: LHB Manuel Domínguez 0-0: Ball
Balk!
Chris Teague to second
1-0: Foul Ball, location: 2F
1-1: Swinging Strike
1-2: Strikes out swinging
Batting: RHB Ted Stephens 0-0: Called Strike
0-1: Ball
1-1: Ball
2-1: Called Strike
2-2: Foul Ball, location: 2F
2-2: Foul Ball, location: 2F
2-2: Ball
3-2: Base on Balls
Batting: SHB Fernando Luna 0-0: Called Strike
0-1: Grounds into double play, 5-4-3 (Groundball, 5)
Bottom of the 2nd over - 0 run(s), 1 hit(s), 0 error(s), 1 left on base; Sun Prairie 1 - Athletic Club KC Academy 0
TOP OF THE 3RD
Sun Prairie Swallows batting - Pitching for Athletic Club KC Academy : LHP Xavier Navarro
Batting: SHB Aurelio Costello 0-0: Fly out, F3 (Popup, 3DF)
Batting: RHB José Silva 0-0: DOUBLE (Line Drive, 7M)
Batting: RHB Alfonso López 0-0: Called Strike
0-1: Ball
1-1: Swinging Strike
1-2: Foul Ball, location: 2F
1-2: Strikes out looking
Batting: RHB Luis Hernández 0-0: Called Strike
0-1: Ball
1-1: Ball
2-1: Ball
3-1: Foul Ball, location: 2F
3-2: Ground out 6-3 (Groundball, 6)
Top of the 3rd over - 0 run(s), 1 hit(s), 0 error(s), 1 left on base; Sun Prairie 1 - Athletic Club KC Academy 0
BOTTOM OF THE 3RD
Athletic Club KC Academy batting - Pitching for Sun Prairie Swallows : LHP Jorge Velázquez
Batting: RHB Iván Chacón 0-0: Fly out, F9 (Flyball, 89D)
Batting: SHB António Montés 0-0: Foul Ball, location: 2F
0-1: Called Strike
0-2: Strikes out swinging
Batting: RHB José Flores 0-0: Called Strike
0-1: Ball
1-1: Ball
2-1: SINGLE (Groundball, 34D)
Batting: RHB Allen Williams 0-0: Ground out 5-3 (Groundball, 56)
Bottom of the 3rd over - 0 run(s), 1 hit(s), 0 error(s), 1 left on base; Sun Prairie 1 - Athletic Club KC Academy 0
TOP OF THE 4TH
Sun Prairie Swallows batting - Pitching for Athletic Club KC Academy : LHP Xavier Navarro
Batting: LHB Willis Baker 0-0: Swinging Strike
0-1: Ball
1-1: SINGLE (Groundball, 4MD)
Batting: RHB John Townsend 0-0: Called Strike
0-1: Foul Ball, location: 2F
0-2: Ball
1-2: Foul Ball, location: 2F
1-2: Ball
2-2: SINGLE (Line Drive, 89S)
Willis Baker to second
Batting: RHB Joel Frazier 0-0: Called Strike
0-1: SINGLE (Groundball, 56D) - runner OUT being hit by batted ball.
John Townsend to second
Batting: RHB Ghislain Vespucci 0-0: Called Strike
0-1: Ball
1-1: Fly out, F2 (Popup, 25F)
Batting: RHB Reece White 0-0: Ball
1-0: Foul Ball, location: 2F
1-1: Ball
2-1: Ball
3-1: Base on Balls
John Townsend to third
Joel Frazier to second
Batting: SHB Aurelio Costello 0-0: Ball
1-0: Foul Ball, location: 2F
1-1: Swinging Strike
1-2: Ball
2-2: Strikes out swinging
Top of the 4th over - 0 run(s), 3 hit(s), 0 error(s), 3 left on base; Sun Prairie 1 - Athletic Club KC Academy 0
BOTTOM OF THE 4TH
Athletic Club KC Academy batting - Pitching for Sun Prairie Swallows : LHP Jorge Velázquez
Batting: RHB Geoff Rivers 0-0: Ball
1-0: Called Strike
1-1: Ball
2-1: Foul Ball, location: 2F
2-2: Ground out U3 (Groundball, 3)
Batting: RHB Chris Teague 0-0: Called Strike
0-1: Swinging Strike
0-2: Foul Ball, location: 2F
0-2: Ball
1-2: Fly out, F8 (Flyball, 78M)
Batting: LHB Manuel Domínguez 0-0: Foul Ball, location: 2F
0-1: Fly out, F8 (Line Drive, 8RM)
Bottom of the 4th over - 0 run(s), 0 hit(s), 0 error(s), 0 left on base; Sun Prairie 1 - Athletic Club KC Academy 0
TOP OF THE 5TH
Sun Prairie Swallows batting - Pitching for Athletic Club KC Academy : LHP Xavier Navarro
Batting: RHB José Silva 0-0: Ball
1-0: Foul Ball, location: 2F
1-1: Ball
2-1: Ground out 4-3 (Groundball, 4)
Batting: RHB Alfonso López 0-0: Called Strike
0-1: Ball
1-1: Ground out U3 (Groundball, 3L)
Batting: RHB Luis Hernández 0-0: Called Strike
0-1: Foul Ball, location: 2F
0-2: Ball
1-2: Strikes out looking
Top of the 5th over - 0 run(s), 0 hit(s), 0 error(s), 0 left on base; Sun Prairie 1 - Athletic Club KC Academy 0
BOTTOM OF THE 5TH
Athletic Club KC Academy batting - Pitching for Sun Prairie Swallows : LHP Jorge Velázquez
Batting: RHB Ted Stephens 0-0: Ground out 6-3 (Groundball, 6)
Batting: SHB Fernando Luna 0-0: Ball
1-0: Foul Ball, location: 2F
1-1: Ground out 4-3 (Groundball, 4)
Batting: RHB Iván Chacón 0-0: Ball
1-0: Ball
2-0: Swinging Strike
2-1: Ground out 5-3 (Groundball, 5)
Bottom of the 5th over - 0 run(s), 0 hit(s), 0 error(s), 0 left on base; Sun Prairie 1 - Athletic Club KC Academy 0
TOP OF THE 6TH
Sun Prairie Swallows batting - Pitching for Athletic Club KC Academy : LHP Xavier Navarro
Batting: LHB Willis Baker 0-0: Swinging Strike
0-1: Ball
1-1: Swinging Strike
1-2: Strikes out swinging
Pitching: LHP Tim Risinger
Batting: RHB John Townsend 0-0: Ball
1-0: Foul Ball, location: 2F
1-1: Ball
2-1: Foul Ball, location: 2F
2-2: Ground out 4-3 (Groundball, 4)
Batting: RHB Joel Frazier 0-0: Called Strike
0-1: Ball
1-1: Foul Ball, location: 2F
1-2: Foul Ball, location: 2F
1-2: Ball
2-2: Fly out, F7 (Line Drive, 7S)
Top of the 6th over - 0 run(s), 0 hit(s), 0 error(s), 0 left on base; Sun Prairie 1 - Athletic Club KC Academy 0
BOTTOM OF THE 6TH
Athletic Club KC Academy batting - Pitching for Sun Prairie Swallows : LHP Jorge Velázquez
Batting: SHB António Montés 0-0: Ball
1-0: Ball
2-0: TRIPLE (Flyball, 8RM)
Batting: RHB José Flores 0-0: Ball
1-0: Foul Ball, location: 2F
1-1: Ball
2-1: Foul Ball, location: 2F
2-2: Foul Ball, location: 2F
2-2: Fly out, F3 (Popup, 23)
Batting: RHB Allen Williams 0-0: Ball
1-0: Ball
2-0: Ball
3-0: Base on Balls
Batting: RHB Geoff Rivers 0-0: Called Strike
0-1: Fly out, F3 (Popup, 3F)
Batting: RHB Chris Teague 0-0: Called Strike
0-1: Swinging Strike
0-2: Ball
1-2: Ball
2-2: Strikes out swinging
Bottom of the 6th over - 0 run(s), 1 hit(s), 0 error(s), 2 left on base; Sun Prairie 1 - Athletic Club KC Academy 0
TOP OF THE 7TH
Sun Prairie Swallows batting - Pitching for Athletic Club KC Academy : LHP Tim Risinger
Batting: RHB Ghislain Vespucci 0-0: Foul Ball, location: 2F
0-1: Swinging Strike
0-2: Ball
1-2: Ground out 6-3 (Groundball, 6)
Batting: RHB Reece White 0-0: Ball
1-0: Ball
2-0: Foul Ball, location: 2F
2-1: Swinging Strike
2-2: Strikes out swinging
Batting: SHB Aurelio Costello 0-0: Foul Ball, location: 2F
0-1: Foul Ball, location: 2F
0-2: Ball
1-2: Foul Ball, location: 2F
1-2: Foul Ball, location: 2F
1-2: Ball
2-2: Foul Ball, location: 2F
2-2: SINGLE (Groundball, 56D)
Pinch Hitting: RHB Orlando Sánchez 0-0: Called Strike
0-1: Ground out 6-3 (Groundball, 56)
Top of the 7th over - 0 run(s), 1 hit(s), 0 error(s), 1 left on base; Sun Prairie 1 - Athletic Club KC Academy 0
BOTTOM OF THE 7TH
Athletic Club KC Academy batting - Pitching for Sun Prairie Swallows : LHP Jorge Velázquez
Now in CF: Marcos Rivera
Batting: LHB Manuel Domínguez 0-0: Fly out, F7 (Flyball, 7D)
Batting: RHB Ted Stephens 0-0: Called Strike
0-1: Swinging Strike
0-2: Ball
1-2: Strikes out swinging
Batting: SHB Fernando Luna 0-0: Ball
1-0: Called Strike
1-1: Called Strike
1-2: Ball
2-2: Ball
3-2: Strikes out swinging
Bottom of the 7th over - 0 run(s), 0 hit(s), 0 error(s), 0 left on base; Sun Prairie 1 - Athletic Club KC Academy 0
TOP OF THE 8TH
Sun Prairie Swallows batting - Pitching for Athletic Club KC Academy : LHP Tim Risinger
Batting: RHB Alfonso López 0-0: Called Strike
0-1: Ball
1-1: Ball
2-1: Foul Ball, location: 2F
2-2: Ball
3-2: Base on Balls
Batting: RHB Luis Hernández 0-0: Ball
1-0: Ball
2-0: Ball
3-0: Base on Balls
Alfonso López to second
Pitching: RHP Juan Herrera
Batting: LHB Willis Baker 0-0: Ball
1-0: Foul Ball, location: 2F
1-1: Ball
2-1: SINGLE (Groundball, 34D)
Alfonso López to third
Luis Hernández to second
Runner from 3rd tries for Home, SAFE, no throw or cutoff
Batting: RHB John Townsend 0-0: Called Strike
0-1: Swinging Strike
0-2: Strikes out swinging
Pinch Hitting: SHB Chris Murray 0-0: Ball
1-0: Swinging Strike
1-1: Ball
2-1: DOUBLE (Line Drive, 7LM)
Luis Hernández scores
Willis Baker to third
Batting: RHB Ghislain Vespucci 0-0: Intentional Walk
Pinch Hitting: LHB Jim Unknown 0-0: Ball
1-0: Grounds into double play, 4-6-3 (Groundball, 4)
Top of the 8th over - 2 run(s), 2 hit(s), 0 error(s), 2 left on base; Sun Prairie 3 - Athletic Club KC Academy 0
BOTTOM OF THE 8TH
Athletic Club KC Academy batting - Pitching for Sun Prairie Swallows : LHP Jorge Velázquez
Now at 2B: Dan Hart
Now in LF: Jim Unknown
Batting: RHB Iván Chacón 0-0: Ball
1-0: Ball
2-0: Called Strike
2-1: Foul Ball, location: 2F
2-2: DOUBLE (Line Drive, 7LS)
Batting: SHB António Montés 0-0: Called Strike
0-1: Swinging Strike
0-2: Fly out, F7 (Flyball, 7M)
Batting: RHB José Flores 0-0: Foul Ball, location: 2F
0-1: Ground out 1-3 (Groundball, 13)
Iván Chacón to third
Batting: RHB Allen Williams 0-0: SINGLE (Flyball, 8RS)
Iván Chacón scores
Batting: RHB Geoff Rivers 0-0: Called Strike
0-1: Ball
1-1: Foul Ball, location: 2F
1-2: Foul Ball, location: 2F
1-2: Strikes out swinging
Bottom of the 8th over - 1 run(s), 2 hit(s), 0 error(s), 1 left on base; Sun Prairie 3 - Athletic Club KC Academy 1
TOP OF THE 9TH
Sun Prairie Swallows batting - Pitching for Athletic Club KC Academy : RHP Juan Herrera
Batting: SHB Aurelio Costello 0-0: Ground out 3-1 (Groundball, 3)
Batting: RHB Marcos Rivera 0-0: Called Strike
0-1: SOLO HOME RUN (Flyball, 7LD), Distance : 354 ft
Batting: RHB Alfonso López 0-0: SINGLE (Groundball, 34)
Batting: RHB Luis Hernández 0-0: Called Strike
0-1: Ball
1-1: Ball
2-1: Foul Ball, location: 2F
2-2: Foul Ball, location: 2F
2-2: Strikes out swinging
Batting: LHB Willis Baker 0-0: Called Strike
0-1: Fly out, F7 (Flyball, 78M)
Top of the 9th over - 1 run(s), 2 hit(s), 0 error(s), 1 left on base; Sun Prairie 4 - Athletic Club KC Academy 1
BOTTOM OF THE 9TH
Athletic Club KC Academy batting - Pitching for Sun Prairie Swallows : LHP Jorge Velázquez
Pitching: RHP Josh Parker
Batting: RHB Chris Teague 0-0: Fly out, F8 (Flyball, 78M)
Batting: LHB Manuel Domínguez 0-0: Foul Ball, location: 2F
0-1: Foul Ball, location: 2F
0-2: Strikes out swinging
Batting: RHB Ted Stephens 0-0: Foul Ball, location: 2F
0-1: Ball
1-1: Ball
2-1: Ball
3-1: Ground out 5-3 (Groundball, 5S)
Bottom of the 9th over - 0 run(s), 0 hit(s), 0 error(s), 0 left on base; Sun Prairie 4 - Athletic Club KC Academy 1
This league is powered by Out of the Park Baseball, the baseball management simulation game for PC, Mac and Linux
Monday, October 3rd, 2016 - OOTP Baseball 16.9 Build 39